 Dungeon Crawl Stone Soup version 0.31-a0-955-gcb8bc90ed4 (webtiles) character file.

Game seed: 14826925415413445481

586833 BinkBink the Axe Maniac (level 25, -35/248 HPs)
             Began as a Minotaur Fighter on Oct 22, 2023.
             Was the Champion of Jiyva.
             Blown up by a lich (37 damage)
             ... with a wavering orb of destruction
             ... on level 2 of the Tomb of the Ancients.
             The game lasted 01:58:23 (55385 turns).

BinkBink the Axe Maniac (Minotaur Fighter)         Turns: 55385, Time: 01:58:27

Health: -35/248    AC: 27    Str: 31      XL:     25   Next: 54%
Magic:  4/31       EV: 18    Int: 11      God:    Jiyva [******]
Gold:   2526       SH: 32    Dex: 12 (13) Spells: 24/24 levels left

rFire   . . .        K - +8 broad axe "Deacs" {freeze, Will+ Str+2}
rCold   + + +        U - +3 tower shield {rN+}
rNeg    + + +        L - +3 plate armour {rC+}
rPois   .            (helmet unavailable)
rElec   .            P - +0 cloak
rCorr   +            e - +3 Mad Mage's Maulers {Infuse+∞ VampMP -Cast}
SInv    .            (no boots)
Will    +++..        M - amulet "Ciurchoj" {Reflect rC++ SH+5} Stlth
                     t - ring of Loahutsi {rN+ Str+3}
HPRegen 2.21/turn    D - ring of Worun {rN+ Will+ MP+9}
MPRegen 0.72/turn

%: no spellcasting, reflection, resist mutation, infuse magic (4 MP)
@: marked, slowed, very slow
A: horns 3, retaliatory headbutt, hooves 1, clever 1, mutation resistance 3,
sense surroundings 2, acidic bite, gelatinous body 1, pseudopods 2, MP-powered
wands
}: 4/15 runes: barnacled, slimy, silver, gossamer
a: Renounce Religion, Oozemancy, Slimify


You were on level 2 of the Tomb of the Ancients.
You worshipped Jiyva.
Jiyva was exalted by your worship.
You visited 11 branches of the dungeon, and saw 52 of its levels.
You also visited: Ice Cave.

You collected 5406 gold pieces.
You spent 2880 gold pieces at shops.

Inventory:

Hand Weapons
 K - the +8 broad axe "Deacs" (weapon) {freeze, Will+ Str+2}
   (You bought it in a shop on level 2 of the Orcish Mines)

   Str+2:     It affects your strength (+2).
   Will+:     It increases your willpower.
Armour
 c - +0 gold dragon scales
 d - a +2 kite shield of reflection
 e - the +3 Mad Mage's Maulers (worn) {Infuse+∞ VampMP -Cast}
   (You acquired it in an ice cave)

   Infuse+∞: It empowers its wearer's blows with all of their magic.
   VampMP:    Blows struck in melee replenish the wearer's magic.
   -Cast:     It prevents spellcasting.
 y - a +3 plate armour of cold resistance
 L - a +3 plate armour of cold resistance (worn)
 P - a +0 cloak (worn)
 S - the +3 crown of Dyrovepreva {rElec Int+2 SInv}
   (You found it on level 5 of the Pits of Slime)

   Int+2:     It affects your intelligence (+2).
   rElec:     It insulates you from electricity.
   SInv:      It lets you see invisible.
 U - a +3 tower shield of positive energy (worn)
 X - the +1 hat of Lecylos {MP+9 Str+3 Dex+3}
   (You found it on level 4 of the Spider Nest)

   Str+3:     It affects your strength (+3).
   Dex+3:     It affects your dexterity (+3).
   MP+9:      It affects your magic capacity (+9).
 Y - +2 fire dragon scales {Xtahua}
Jewellery
 a - the ring "Waxan" {Fly Will+ Stlth+}
   (You found it on level 1 of the Spider Nest)

   [ring of flight]

   Will+:     It increases your willpower.
   Fly:       It grants you flight.
   Stlth+:    It makes you more stealthy.
 l - the ring of Usmamaur {rC+ Will+ Str+3}
   (You took it off a fire giant on level 5 of the Vaults)

   [ring of willpower]

   Str+3:     It affects your strength (+3).
   rC+:       It protects you from cold.
   Will+:     It increases your willpower.
 p - a +6 ring of strength
 t - the ring of Loahutsi (left hand) {rN+ Str+3}
   (You found it on level 3 of the Crypt)

   [ring of positive energy]

   Str+3:     It affects your strength (+3).
   rN+:       It protects you from negative energy.
 D - the ring of Worun (right hand) {rN+ Will+ MP+9}
   (You found it on level 3 of the Crypt)

   [ring of positive energy]

   rN+:       It protects you from negative energy.
   Will+:     It increases your willpower.
   MP+9:      It affects your magic capacity (+9).
 M - the amulet "Ciurchoj" (around neck) {Reflect rC++ SH+5}
   (You bought it in a shop on level 4 of the Vaults)

   [amulet of reflection]

   Reflect:   It reflects blocked missile attacks.
   rC++:      It greatly protects you from cold.
   SH+5:      It affects your SH (+5).
 Q - the amulet "Mullell" {Spirit +Blink}
   (You took it off a deep elf sorcerer on level 3 of the Elven Halls)

   [amulet of guardian spirit]

   Spirit:    It causes incoming damage to be divided between your reserves of
   health and magic.
   +Blink:    It lets you blink.
 T - a ring of protection from fire
 V - the amulet "Ade Inei" {Acrobat +Blink MP+9 Int-5 SInv}
   (You found it on level 2 of the Depths)

   [amulet of the acrobat]

   Acrobat:   It increases your evasion while moving and waiting.
   Int-5:     It affects your intelligence (-5).
   MP+9:      It affects your magic capacity (+9).
   SInv:      It lets you see invisible.
   +Blink:    It lets you blink.
 Z - the ring of Miunlos {Will+ Str+4 SInv}
   (You found it on level 3 of the Elven Halls)

   [ring of willpower]

   Str+4:     It affects your strength (+4).
   Will+:     It increases your willpower.
   SInv:      It lets you see invisible.
Wands
 b - a wand of polymorph (6)
 i - a wand of digging (17)
 s - a wand of charming (27)
 v - a wand of roots (46)
 J - a wand of quicksilver (13)
 O - a wand of flame (36)
 R - a wand of mindburst (3)
Scrolls
 f - 7 scrolls of immolation
 h - 3 scrolls of teleportation
 k - 2 scrolls of silence
 m - 4 scrolls of amnesia
 q - 2 scrolls of revelation
 u - 5 scrolls of poison
 w - a scroll of torment
 x - 7 scrolls of fear
 z - 5 scrolls of fog
 A - 3 scrolls of blinking
 B - a scroll of vulnerability
 H - 8 scrolls of identify
 N - a scroll of brand weapon
Potions
 g - a potion of magic
 j - 10 potions of enlightenment
 n - a potion of might
 o - 9 potions of mutation
 r - 6 potions of brilliance
 E - a potion of resistance
 F - 3 potions of invisibility
 G - 3 potions of curing
 I - 2 potions of haste
 W - 5 potions of ambrosia


   Skills:
 + Level 24.8 Fighting
 O Level 27 Axes
 + Level 24.8 Armour
 + Level 21.4 Dodging
 + Level 26.6 Shields


You had 24 spell levels left.
You didn't know any spells.
Your spell library contained the following spells:

 Spells                   Type           Power      Damage    Failure   Level
 Necrotise                Necr           0%         1d4       73%         1
 Sandblast                Erth           0%         2d4       73%         1
 Shock                    Conj/Air       0%         1d3       73%         1
 Ensorcelled Hibernation  Hex/Ice        0%         N/A       86%         2
 Momentum Strike          Conj/Tloc      0%         3d8       86%         2
 Passwall                 Tmut/Erth      0%         N/A       86%         2
 Static Discharge         Conj/Air       0%         3-3/arc   86%         2
 Sublimation of Blood     Necr           0%         N/A       86%         2
 Wereblood                Tmut           0%         N/A       86%         2
 Dazzling Flash           Conj/Hex       0%         N/A       97%         3
 Frozen Ramparts          Ice            0%         1d1       97%         3
 Inner Flame              Hex/Fire       0%         N/A       97%         3
 Mephitic Cloud           Conj/Pois/Air  0%         N/A       97%         3
 Ozocubu's Armour         Ice            0%         N/A       97%         3
 Stone Arrow              Conj/Erth      0%         3d7       97%         3
 Summon Guardian Golem    Hex/Summ       0%         N/A       97%         3
 Swiftness                Air            0%         N/A       97%         3
 Tukima's Dance           Hex            0%         N/A       97%         3
 Volatile Blastmotes      Fire/Tloc      0%         2d10      97%         3
 Anguish                  Hex/Necr       0%         N/A       100%        4
 Brom's Barrelling Bould  Conj/Erth      0%         2d3       100%        4
 Cause Fear               Hex            0%         N/A       100%        4
 Flame Wave               Conj/Fire      0%         2d4       100%        4
 Fulminant Prism          Conj/Hex       0%         3d5       100%        4
 Iskenderun's Mystic Bla  Conj/Tloc      0%         2d3       100%        4
 Leda's Liquefaction      Hex/Erth       0%         N/A       100%        4
 Passage of Golubria      Tloc           0%         N/A       100%        4
 Petrify                  Tmut/Erth      0%         N/A       100%        4
 Sticky Flame             Conj/Fire      0%         2d3       100%        4
 Summon Lightning Spire   Summ/Air       0%         N/A       100%        4
 Borgnjor's Vile Clutch   Necr/Erth      0%         N/A       100%        5
 Fireball                 Conj/Fire      0%         3d3       100%        5
 Freezing Cloud           Conj/Ice/Air   0%         6-21      100%        5
 Irradiate                Conj/Tmut      0%         3d11      100%        5
 Iskenderun's Battlesphe  Conj           0%         2d6       100%        5
 Lee's Rapid Deconstruct  Erth           0%         3d4*      100%        5
 Metabolic Englaciation   Hex/Ice        0%         N/A       100%        5
 Silence                  Hex/Air        0%         N/A       100%        5
 Summon Forest            Summ/Tloc      0%         N/A       100%        5
 Yara's Violent Unravell  Hex/Tmut       0%         3d3       100%        5
 Bombard                  Conj/Erth      0%         9d1       100%        6
 Conjure Ball Lightning   Conj/Air       0%         3x3d6     100%        6
 Eringya's Noxious Bog    Tmut/Pois      0%         4d6       100%        6
 Simulacrum               Ice/Necr       0%         N/A       100%        6
 Starburst                Conj/Fire      0%         6d3       100%        6
 Summon Cactus Giant      Summ           0%         N/A       100%        6
 Enfeeble                 Hex            0%         N/A       100%        7
 Haunt                    Necr/Summ      0%         N/A       100%        7
 Orb of Destruction       Conj           0%         9d5       100%        7
 Ozocubu's Refrigeration  Ice            0%         4d7       100%        7
 Spellforged Servitor     Conj/Summ      0%         N/A       100%        7
 Summon Hydra             Summ           0%         N/A       100%        7
 Maxwell's Capacitive Co  Air            0%         ∞         100%        8
 Chain Lightning          Conj/Air       0%         N/A       100%        9


Dungeon Overview and Level Annotations

Branches:
Dungeon (15/15)            Temple (0/1) D:5            Lair (5/5) D:11
 Shoals (4/4) Lair:3       Spider (4/4) Lair:2        Slime (5/5) Lair:4
    Orc (2/2) D:12            Elf (3/3) Orc:2        Vaults (5/5) D:14
  Crypt (3/3) Vaults:3       Tomb (2/3) Crypt:3      Depths (4/4) D:15
    Zot (0/5) Depths:4      IceCv (visited)

Altars:
Ashenzari
Cheibriados
Elyvilon
Fedhas
Kikubaaqudgha
Makhleb
Okawaru
Qazlal
Ru
Trog
Wu Jian
Xom
Yredelemnul
Zin
Jiyva

Shops:
D:2 [   Orc:2 (:[([   Elf:2 (   Elf:3 =   Shoals:1 *   Shoals:2 *
Vaults:3 *:!(?   Vaults:4 =   Depths:1 (   Depths:3 *

Portals:
Hell: Lair:5 Depths:1 Depths:2 Depths:3 Depths:4
Abyss: Depths:1 Depths:2 Depths:3
Pandemonium: Depths:2
Ziggurat: Depths:1

Annotations:
Slime:4 Dissolution
Slime:5 Royal Jelly
Depths:4 6 runed translucent doors


Innate Abilities, Weirdness & Mutations

You have a pair of large horns on your head.
You reflexively headbutt those who attack you in melee.
You have large cloven feet.
Your mind is acute. (Int +4, Str/Dex -1)
You are almost entirely resistant to further mutation and mutation removal.
You passively map the area around you.
You have acidic saliva.
Your rubbery body absorbs attacks. (AC +1, EV +1)
Armour fits poorly on your large pseudopods.
You expend magic power (3 MP) to strengthen your wands.


Message History

You furiously retaliate!
You headbutt the death scarab!
You destroy the death scarab!
The death scarab closely misses you. You furiously retaliate!
You headbutt the death scarab! You block the lich's attack.
A death scarab comes into view.
The death scarab bites you but does no damage.
The death scarab attacks as it pursues you!
The death scarab barely misses you. You furiously retaliate!
You headbutt the death scarab!!
You destroy the death scarab!
You block the death scarab's attack. x2; The death scarab misses you.
You block the death scarab's attack. The death scarab misses you.
The lich casts a spell at you. The bolt of cold hits you. You resist.
* * * LOW HITPOINT WARNING * * *
You block the death scarab's attack. The death scarab bites you!!
* * * LOW HITPOINT WARNING * * *
The death scarab drains your vigour!
You feel as though you will be slow longer.
The lich conjures a glowing orb.
The wavering orb of destruction weakly hits you!!
* * * LOW HITPOINT WARNING * * *
The death scarab bites you but does no damage.
You block the lich's attack.
Things that are here:
a death scarab corpse; a death scarab corpse You feel better.
The death scarab misses you. You furiously retaliate!
You headbutt the death scarab!! You block the death scarab's attack. x2
The death scarab waves its antennae.
The death scarab bites you but does no damage.
You block the death scarab's attack. The death scarab closely misses you.
You furiously retaliate!
You headbutt the death scarab. You block the death scarab's attack.
The death scarab bites you!
* * * LOW HITPOINT WARNING * * *
The death scarab drains your vigour!
You feel as though you will be slow longer.
You block the death scarab's attack.
The lich launches a ball of destructive magic.
The wavering orb of destruction weakly hits you!!!
You die...

.......^...M* *
, ............
,* ,..#
..z.........,,,
, .. ..L[.. ,,
^.. ..B.B. , ,
, ###'###
....[B ,,
,,#.M...#
^....z , ,
#.....#
#######B....#
*, ^
#....B@BB...# ,
, #...)BLB....#
, , ,
#...†B†..B..# ,
#>...††.....#
***
*#############


You could see a lich (fast), a mummy priest and 8 death scarabs.

Vanquished Creatures
  A dread lich (Vaults:5)
  Mara (Depths:2)
  3 ancient liches
  2 royal mummies
  Sojobo (Vaults:5)
  A juggernaut (Depths:4)
  Vv (Crypt:3)
  Boris (twice) (Vaults:5 Depths:2)
  Frederick (Vaults:5)
  Xtahua (Vaults:4)
  2 caustic shrikes (Depths:2)
  7 golden dragons
  A bone dragon (Crypt:3)
  Jory (Vaults:5)
  Jorgrun (D:12)
  7 liches
  6 tentacled monstrosities
  Mlioglotl (Spider:4)
  2 deep elf blademasters (Elf:3)
  12 titans
  2 deep elf master archers (Elf:3)
  7 sphinxes
  3 quicksilver dragons (Depths:4)
  8 ancient champions
  4 shadow dragons
  Kirke (D:14)
  Aizul (Depths:1)
  6 tengu reavers
  A revenant (Crypt:2)
  4 draconian monks (Depths:4)
  Donald (Spider:4)
  9 storm dragons
  9 fire giants
  2 iron dragons
  6 deep elf sorcerers
  11 frost giants
  A balrug (Depths:4)
  A caustic shrike zombie (Crypt:2)
  2 ghost moths (Spider:4)
  12 vault wardens
  A deep elf elementalist (Elf:3)
  A draconian scorcher (Depths:4)
  3 ghouls
  11 emperor scorpions
  The ghost of Yduelo the Skirmisher, a journeyman GnHu of Hepliaklqana (Spider:4)
  A curse skull (Crypt:2)
  5 orc warlords
  A caustic shrike skeleton (Crypt:3)
  6 spriggan defenders
  2 reapers
  19 ironbound preservers
  A broodmother (Spider:4)
  2 draconian annihilators (Depths:4)
  19 stone giants
  9 war gargoyles
  2 ironbound thunderhulks
  21 very ugly things
  11 vampire knights
  5 green draconians (Depths:4)
  5 dire elephants (Vaults:2)
  3 deep elf demonologists
  11 deep elf annihilators
  5 purple draconians (Depths:4)
  7 black draconians (Depths:4)
  7 red draconians (Depths:4)
  The ghost of Ecraohen the Warrior, a journeyman FoFi of Okawaru (D:13)
  6 white draconians (Depths:4)
  5 spark wasps
  A quicksilver dragon zombie (Crypt:3)
  4 crystal guardians
  11 jiangshi
  2 merfolk javelineers (Shoals:4)
  3 eidola
  5 mummy priests
  Snorg (Lair:4)
  15 ettins
  A blizzard demon (Depths:3)
  15 yaktaur captains
  10 entropy weavers
  8 fire dragons
  9 deep elf death magi
  3 spriggan zombies (Crypt:3)
  12 merfolk impalers
  24 vault guards
  The ghost of Pascal76 the Thrower, a journeyman GrGl of Trog (Spider:1)
  3 rakshasas
  2 deep elf high priests
  10 ice dragons
  9 hydras
  A jorogumo (Spider:3)
  Erica (Lair:2)
  A spriggan skeleton (Crypt:3)
  4 merfolk aquamancers
  4 catoblepae
  An ogre mage (D:15)
  4 peacekeepers
  4 merfolk avatars
  4 alligator snapping turtles
  3 spriggan air magi
  6 two-headed ogres
  A satyr (Shoals:4)
  4 centaur warriors
  29 dancing weapons
  3 boulder beetles
  9 deep troll earth magi
  3 radroaches
  5 death knights
  4 ironbound frosthearts
  7 deep troll shamans
  4 tengu warriors
  2 titan zombies (Crypt:3)
  6 vampire magi
  4 death yaks (IceCv)
  6 spriggan berserkers
  3 hell hogs (Depths:4)
  41 death scarabs
  5 occultists
  6 demonic crawlers
  3 soul eaters
  Sonja (Lair:2)
  11 hell knights
  2 orc high priests (Orc:2)
  2 sun demons
  4 spriggans
  A shadow wraith (Crypt:2)
  15 deep elf knights
  5 iron trolls
  42 skeletal warriors
  8 pharaoh ants
  5 skysharks
  2 sun moths
  A goliath frog (shapeshifter) (Depths:4)
  32 deep trolls
  3 flayed ghosts (Crypt:2)
  2 shadow dragon zombies
  6 sea snakes
  A bunyip zombie (Crypt:3)
  10 orb spiders
  A bog body (Crypt:1)
  7 deep elf archers
  2 arcanists
  4 lindwurms
  16 ironbound convokers
  8 phantasmal warriors
  4 steelbarb worms
  40 harpies
  9 necromancers
  24 deep elf zephyrmancers
  A fire giant zombie (Crypt:1)
  17 wolf spiders
  37 deep elf pyromancers
  4 orc sorcerers (Orc:2)
  16 manticores
  11 orc knights
  30 ugly things
  8 cyclopes
  An iron dragon skeleton (Crypt:3)
  16 elephants
  4 moths of wrath
  3 fauns (Shoals:2)
  6 merfolk sirens
  An ice statue (IceCv)
  An alligator skeleton (Crypt:1)
  4 torpor snails
  2 black mambas
  15 vault sentinels
  17 water nymphs
  2 gargoyles
  18 cane toads
  5 orange demons (Lair:5)
  4 smoke demons
  Psyche (D:11)
  A centaur skeleton (Crypt:3)
  5 rime drakes
  Jeremiah (D:7)
  A grey draconian zombie (Crypt:2)
  11 komodo dragons
  An alligator snapping turtle skeleton (Crypt:2)
  3 tengu conjurers (Depths:3)
  32 yaktaurs
  8 freezing wraiths
  3 ice devils
  A death drake zombie (Crypt:2)
  20 merfolk
  A pale draconian skeleton (Crypt:2)
  4 meliai
  9 guardian mummies
  A harpy zombie (Crypt:3)
  A wolf spider simulacrum (D:14)
  8 trolls
  A polar bear (shapeshifter) (D:14)
  Prince Ribbit (D:7)
  30 tarantellas
  10 hornets
  A moth of wrath zombie (Crypt:1)
  8 wind drakes
  18 blink frogs
  10 polar bears (IceCv)
  11 dream sheep
  A fire dragon zombie (Crypt:3)
  10 snapping turtles
  8 air elementals
  41 flying skulls
  17 culicivoras
  An ice dragon zombie (Crypt:2)
  An ettin skeleton (Crypt:3)
  27 jumping spiders
  A shadow (D:12)
  24 water elementals
  6 wyverns
  86 yaks
  2 fire bats (Depths:4)
  9 wraiths
  An ushabti (Tomb:2)
  3 fire elementals
  3 hogs (D:14)
  3 basilisks
  3 vampires (Vaults:3)
  16 humans (D:14)
  49 redbacks
  2 steam dragons
  Grum (D:11)
  10 vampire mosquitoes
  A swamp worm (shapeshifter) (Elf:2)
  7 wargs
  10 water moccasins
  3 acid dragons
  4 hell hounds (Lair:5)
  A hornet zombie (Crypt:2)
  2 sky beasts
  An ice beast (Vaults:4)
  36 orc warriors
  5 black bears
  A manticore zombie (Crypt:1)
  50 wolves
  9 ogres
  10 centaurs
  6 boggarts (Vaults:1)
  A kobold brigand (D:6)
  17 bullfrogs
  3 necrophages
  4 earth elementals
  A scorpion (D:6)
  A wyvern skeleton (Crypt:2)
  A jelly (Depths:4)
  A polar bear zombie (Crypt:2)
  7 killer bees (D:8)
  4 electric eels
  4 howler monkeys
  4 hounds
  20 orc priests
  A sleepcap (D:7)
  4 iguanas
  21 orc wizards
  2 hell rats (D:11)
  A killer bee zombie (Crypt:2)
  3 naga zombies
  25 mummies
  3 gnolls (D:6)
  7 adders
  A river rat (D:11)
  A shadow imp (D:5)
  3 white imps
  2 ufetubi (D:6)
  A worm zombie (Crypt:2)
  3 dart slugs
  103 orcs
  9 bats
  An endoplasm (D:1)
  A giant cockroach (D:2)
  8 goblins
  7 hobgoblins
  5 jackals
  10 kobolds
  5 quokkas
  9 ball pythons
  A hobgoblin skeleton (Crypt:1)
  A jackal skeleton (Crypt:1)
  An orc zombie (Crypt:1)
  4 rats
  2 spectral weapons (Vaults:5)
  A starspawn tentacle (Spider:4)
2121 creatures vanquished.

Vanquished Creatures (collateral kills)
  An ironbound frostheart (IceCv)
  3 death scarabs (Tomb:1)
  3 death yaks (D:11)
  A skeletal warrior (Crypt:2)
  A deep elf archer (Elf:2)
  A harpy (Vaults:5)
  An elephant (Lair:3)
  2 guardian mummies (Tomb:1)
  A polar bear (IceCv)
  A yak (D:11)
15 creatures vanquished.

Vanquished Creatures (others)
  An ancient lich (Vaults:5)
  A sphinx (Vaults:4)
  A vault warden (Vaults:1)
  2 formless jellyfish
  A very ugly thing (Depths:2)
  2 dire elephants (Vaults:2)
  A merfolk impaler (Shoals:4)
  2 yaktaur captains (Vaults:3)
  13 great orbs of eyes
  A hydra (Lair:4)
  A boulder beetle (D:10)
  A two-headed ogre (D:15)
  An ironbound frostheart (Vaults:3)
  A tengu warrior (Depths:2)
  An occultist (Depths:2)
  A hell knight (Depths:2)
  7 glowing orange brains
  3 deep trolls
  2 ironbound convokers (Vaults:3)
  An arcanist (Vaults:2)
  3 deep elf pyromancers
  A lindwurm (shapeshifter) (D:15)
  A lindwurm (Vaults:4)
  A harpy (Vaults:2)
  An ugly thing (D:15)
  2 manticores
  A water nymph (shapeshifter) (Vaults:5)
  An eye of devastation (shapeshifter) (Depths:2)
  3 vault sentinels
  A komodo dragon (shapeshifter) (Vaults:5)
  10 yaktaurs
  An efreet (D:15)
  A glass eye (Depths:3)
  A hornet (Vaults:1)
  A glass eye (shapeshifter) (D:15)
  34 slime creatures
  A yak (D:10)
  A vampire (D:10)
  A flying skull (Crypt:3)
  A basilisk (shapeshifter) (Vaults:5)
  A human (D:14)
  4 vampire mosquitoes (D:14)
  A redback (Spider:3)
  An orc warrior (Orc:2)
  A sky beast (shapeshifter) (Vaults:5)
  4 boggarts
  3 wolves
  A centaur (D:15)
  A bullfrog (Lair:1)
  A killer bee (D:8)
  367 jellies
  2 orc priests
  An orc wizard (Orc:2)
  A mummy (Tomb:1)
  A howler monkey skeleton (Crypt:1)
  A shadow imp (D:8)
  A dart slug (D:2)
  11 orcs
  An endoplasm (shapeshifter) (Elf:3)
  3 endoplasms
  A giant cockroach (D:3)
  A goblin (D:1)
  2 hobgoblins
  3 ball pythons
  A frilled lizard (D:3)
  4 kobolds
  A rat (D:2)
  A butterfly (Lair:2)
  A starspawn tentacle (Spider:4)
533 creatures vanquished.

Grand Total: 2669 creatures vanquished

Notes
Turn   | Place    | Note
-------+----------+-------------------------------------------
     0 | D:1      | BinkBink the Minotaur Fighter began the quest for the Orb.
     0 | D:1      | Reached XP level 1. HP: 19/19 MP: 0/0
   186 | D:1      | Reached XP level 2. HP: 24/27 MP: 1/1
   261 | D:1      | Reached skill level 3 in Axes
   423 | D:1      | Found a faded altar of an unknown god.
   490 | D:1      | Prayed at the altar of an unknown god.
   490 | D:1      | Became a worshipper of Jiyva Joser the Shapeless
   490 | D:1      | Reached * piety under Jiyva
   820 | D:1      | Reached XP level 3. HP: 33/33 MP: 2/2
  1068 | D:2      | Reached ** piety under Jiyva
  1336 | D:2      | Found Qauzazool's Antique Armour Shoppe.
  1436 | D:3      | Reached XP level 4. HP: 32/40 MP: 3/3
  1437 | D:3      | Reached skill level 4 in Axes
  1765 | D:3      | Found a broken altar of Ashenzari.
  1840 | D:3      | Reached *** piety under Jiyva
  1872 | D:3      | Gained mutation: You are partially covered in large bone
                  | plates. (SH +4) [Jiyva's grace]
  1872 | D:3      | Gained mutation: You are mostly covered in large bone
                  | plates. (SH +6) [Jiyva's grace]
  1872 | D:3      | Gained mutation: You are completely covered in large bone
                  | plates. (SH +8) [Jiyva's grace]
  1872 | D:3      | Gained mutation: Your body has grown eyes which may confuse
                  | attackers. (Acc +3) [Jiyva's grace]
  2053 | D:4      | Reached XP level 5. HP: 47/47 MP: 4/4
  2416 | D:4      | Reached skill level 5 in Axes
  2626 | D:5      | Entered Level 5 of the Dungeon
  2634 | D:5      | Noticed an ogre
  2647 | D:5      | Killed an ogre
  2648 | D:5      | Reached skill level 5 in Fighting
  2648 | D:5      | Reached skill level 5 in Armour
  2648 | D:5      | Reached skill level 5 in Shields
  2648 | D:5      | Reached XP level 6. HP: 30/56 MP: 5/5
  2753 | D:5      | Found a staircase to the Ecumenical Temple.
  2797 | D:5      | Reached **** piety under Jiyva
  2826 | D:5      | Identified the +1 robe of Gravity {Dex+3}
  2959 | D:5      | Reached skill level 6 in Axes
  3128 | D:5      | Reached XP level 7. HP: 61/61 MP: 6/6
  3176 | D:5      | Noticed a yak
  3176 | D:5      | Noticed a yak
  3176 | D:5      | Noticed a yak
  3184 | D:5      | Killed a yak
  3187 | D:5      | Killed a yak
  3196 | D:5      | Killed a yak
  3197 | D:5      | Reached skill level 7 in Axes
  3294 | D:5      | Reached XP level 8. HP: 64/70 MP: 7/7
  3385 | D:6      | Gained mutation: You are partially covered in iridescent
                  | scales. (AC +2) [Jiyva's grace]
  3385 | D:6      | Gained mutation: You are mostly covered in iridescent
                  | scales. (AC +4) [Jiyva's grace]
  3385 | D:6      | Gained mutation: You are completely covered in iridescent
                  | scales. (AC +6) [Jiyva's grace]
  3385 | D:6      | Gained mutation: You are somewhat resistant to further
                  | mutation. [Jiyva's grace]
  3448 | D:6      | Reached skill level 8 in Axes
  3470 | D:6      | Reached ***** piety under Jiyva
  3635 | D:6      | Found a sacrificial altar of Ru.
  3919 | D:7      | Noticed Prince Ribbit
  3925 | D:7      | Killed Prince Ribbit
  3926 | D:7      | Reached skill level 9 in Axes
  4003 | D:7      | Found the +5 demon whip "Spellbinder" {antimagic, disrupt,
                  | Will+}
  4019 | D:7      | Reached XP level 9. HP: 79/79 MP: 8/8
  4072 | D:7      | Found a shimmering altar of Xom.
  4072 | D:7      | Found a glowing silver altar of Zin.
  4072 | D:7      | Found a white marble altar of Elyvilon.
  4072 | D:7      | Found a basalt altar of Yredelemnul.
  4073 | D:7      | Found a snail-covered altar of Cheibriados.
  4073 | D:7      | Found a blossoming altar of Fedhas.
  4126 | D:7      | Noticed Jeremiah
  4466 | D:7      | Killed Jeremiah
  4724 | D:8      | Reached skill level 10 in Axes
  4975 | D:8      | Found a transporter.
  4982 | D:8      | Found a viscous altar of Jiyva.
  5033 | D:8      | Found a transporter.
  5086 | D:8      | Identified the ring "Pulikelo" {+Blink rElec rPois Int+6}
  5119 | D:9      | Reached ****** piety under Jiyva
  5293 | D:9      | Reached skill level 11 in Axes
  5450 | D:9      | Reached XP level 10. HP: 90/90 MP: 9/9
  5706 | D:10     | Entered Level 10 of the Dungeon
  5758 | D:10     | Identified the +0 chain mail "Cim Lyuf" {rPois Regen+ Dex-4
                  | Stlth+}
  5891 | D:10     | Lost mutation: You are completely covered in iridescent
                  | scales. (AC +6) [Jiyva's grace]
  5891 | D:10     | Lost mutation: You are completely covered in large bone
                  | plates. (SH +8) [Jiyva's grace]
  5891 | D:10     | Gained mutation: Your muscles are strong. (Str +4, Int/Dex
                  | -1) [Jiyva's grace]
  5891 | D:10     | Gained mutation: Your muscles are very strong. (Str +8,
                  | Int/Dex -2) [Jiyva's grace]
  5891 | D:10     | Gained mutation: You are completely covered in iridescent
                  | scales. (AC +6) [Jiyva's grace]
  5891 | D:10     | Gained mutation: You have a pair of large horns on your
                  | head. [Jiyva's grace]
  6158 | D:10     | Noticed a boulder beetle
  6255 | D:10     | Noticed a gargoyle
  6287 | D:10     | Reached skill level 12 in Axes
  6290 | D:10     | Killed a gargoyle
  6533 | D:10     | Noticed a cyclops
  6567 | D:10     | Killed a boulder beetle
  6573 | IceCv    | Identified the "Puklyb"
  6573 | D:11     | Noticed Grum
  6573 | D:11     | Noticed Psyche
  6578 | D:11     | Killed Grum
  6586 | D:11     | Killed Psyche
  6587 | D:11     | Reached skill level 1 in Dodging
  6639 | D:11     | Noticed a two-headed ogre
  6651 | D:11     | Killed a two-headed ogre
  6658 | D:11     | Noticed a death yak
  6660 | D:11     | Noticed a death yak
  6665 | D:11     | Noticed a death yak
  6674 | D:11     | Killed a death yak
  6675 | D:11     | Reached XP level 11. HP: 78/99 MP: 10/10
  6677 | D:11     | Killed a death yak
  6678 | D:11     | Reached skill level 13 in Axes
  6682 | D:11     | Killed a death yak
  6683 | D:11     | Reached skill level 10 in Fighting
  6683 | D:11     | Reached skill level 10 in Armour
  6683 | D:11     | Reached skill level 10 in Shields
  6687 | D:11     | Found a staircase to the Lair.
  6859 | D:11     | Found a bloodstained altar of Trog.
  6951 | D:11     | Found a frozen archway.
  6984 | IceCv    | Entered an ice cave
  6990 | IceCv    | Identified a scroll of acquirement
  6990 | IceCv    | Acquired the +3 Mad Mage's Maulers {Infuse+∞ VampMP -Cast}
  6990 | IceCv    | Found the +3 Mad Mage's Maulers {Infuse+∞ VampMP -Cast}
  7210 | IceCv    | Reached skill level 14 in Axes
  7256 | IceCv    | Noticed an ironbound frostheart
  7256 | IceCv    | Noticed a death yak
  7256 | IceCv    | Noticed an ironbound frostheart
  7271 | IceCv    | Killed a death yak
  7274 | IceCv    | Killed an ironbound frostheart
  7282 | IceCv    | Killed an ironbound frostheart
  7283 | IceCv    | Reached XP level 12. HP: 26/108 MP: 4/11
  7347 | IceCv    | Identified the staff of Dishonour {rPois Str+7 Earth}
  7416 | IceCv    | Reached skill level 5 in Dodging
  7422 | IceCv    | Noticed a death yak
  7433 | IceCv    | Killed a death yak
  7580 | IceCv    | Noticed a death yak
  7581 | IceCv    | Noticed a death yak
  7595 | IceCv    | Killed a death yak
  7596 | IceCv    | Reached skill level 15 in Axes
  7608 | IceCv    | Killed a death yak
  8006 | D:12     | Found a staircase to the Orcish Mines.
  8147 | D:12     | Identified the +0 scimitar "Lofoasik" {spect, Dex+2 SInv}
  8235 | D:12     | Lost mutation: You are mostly covered in large bone plates.
                  | (SH +6) [Jiyva's grace]
  8235 | D:12     | Gained mutation: You have a small jelly attached to you
                  | that may absorb projectiles. [Jiyva's grace]
  8235 | D:12     | Gained mutation: You have acidic saliva. [Jiyva's grace]
  8235 | D:12     | Gained mutation: You have a small jelly attached to you
                  | that senses nearby items. [Jiyva's grace]
  8235 | D:12     | Gained mutation: You have sharp toenails. [Jiyva's grace]
  8437 | D:12     | Noticed Jorgrun
  8450 | D:12     | Killed Jorgrun
  8823 | D:13     | Reached skill level 16 in Axes
  8928 | D:13     | Found an iron altar of Okawaru.
  8994 | D:13     | Found a runed translucent door.
  8995 | D:13     | Noticed Ecraohen's ghost (journeyman FoFi)
  9058 | D:13     | Noticed a four-headed hydra
  9129 | D:14     | Identified the "Siacru Doma"
  9129 | D:14     | Identified the of Guipeggi
  9129 | D:14     | Identified the of Ykovuq
  9129 | Orc:1    | Entered Level 1 of the Orcish Mines
  9134 | Orc:1    | Reached XP level 13. HP: 117/118 MP: 0/12
  9411 | Orc:2    | Entered Level 2 of the Orcish Mines
  9411 | Orc:2    | Lost mutation: You are completely covered in iridescent
                  | scales. (AC +6) [Jiyva's grace]
  9411 | Orc:2    | Lost mutation: You are partially covered in large bone
                  | plates. (SH +4) [Jiyva's grace]
  9411 | Orc:2    | Lost mutation: You are somewhat resistant to further
                  | mutation. [Jiyva's grace]
  9411 | Orc:2    | Gained mutation: Your spells are a little harder to cast,
                  | but a little more powerful. [Jiyva's grace]
  9411 | Orc:2    | Gained mutation: Your spells are harder to cast, but more
                  | powerful. [Jiyva's grace]
  9411 | Orc:2    | Gained mutation: Your spells are much harder to cast, but
                  | much more powerful. [Jiyva's grace]
  9411 | Orc:2    | Gained mutation: You have razor-sharp toenails. [Jiyva's
                  | grace]
  9473 | Orc:2    | Found a staircase to the Elven Halls.
  9671 | Orc:2    | Noticed an orc warlord
  9825 | Orc:2    | Found Atregad's Antique Weapon Boutique.
  9829 | Orc:2    | Found Jewkuigan's Book Shoppe.
  9878 | Orc:2    | Found Fudyxegg's Antique Armour Emporium.
 11127 | Orc:2    | Killed an orc warlord
 11184 | Orc:2    | Noticed an orc warlord
 11240 | Orc:2    | Killed an orc warlord
 11322 | Orc:2    | Paralysed by an orc sorcerer for 2 turns
 11327 | Orc:2    | Paralysed by an orc sorcerer for 3 turns
 11332 | Orc:2    | Reached skill level 17 in Axes
 11376 | Orc:2    | Found Zowog's Antique Weapon Shoppe.
 11378 | Orc:2    | Found Uruast Forch's Antique Armour Emporium.
 11385 | Orc:2    | Bought a smoking broad axe for 270 gold pieces
 11385 | Orc:2    | Identified the +8 broad axe "Deacs" {freeze, Will+ Str+2}
                  | (You bought it in a shop on level 2 of the Orcish Mines)
 11392 | Orc:2    | Bought a runed plate armour for 676 gold pieces
 11522 | Lair:1   | Entered Level 1 of the Lair of Beasts
 11913 | Lair:1   | Identified the +1 ring mail "Usinel" {Str+3}
 11936 | Lair:1   | Identified the +3 quarterstaff "Ogreslayer" {heavy, Int+4}
 12504 | Lair:2   | Noticed Erica
 12513 | Lair:2   | Killed Erica
 12598 | Lair:2   | Lost mutation: You are mostly covered in iridescent scales.
                  | (AC +4) [Jiyva's grace]
 12598 | Lair:2   | Gained mutation: You are somewhat resistant to further
                  | mutation. [Jiyva's grace]
 12598 | Lair:2   | Gained mutation: You are somewhat resistant to both further
                  | mutation and mutation removal. [Jiyva's grace]
 12598 | Lair:2   | Gained mutation: You are almost entirely resistant to
                  | further mutation and mutation removal. [Jiyva's grace]
 12598 | Lair:2   | Gained mutation: You passively map a small area around you.
                  | [Jiyva's grace]
 12708 | Lair:2   | Noticed Sonja
 12719 | Lair:2   | Killed Sonja
 12725 | Lair:2   | Reached XP level 14. HP: 103/129 MP: 4/13
 12959 | Lair:2   | Found a hole to the Spider Nest.
 13375 | Lair:3   | Reached skill level 18 in Axes
 14182 | Lair:3   | Found a staircase to the Shoals.
 14507 | Lair:4   | Noticed Snorg
 14512 | Lair:4   | Killed Snorg
 14878 | Lair:4   | Found a staircase to the Slime Pits.
 14949 | Lair:4   | Lost mutation: You have a pair of large horns on your head.
                  | [Jiyva's grace]
 14949 | Lair:4   | Lost mutation: You are partially covered in iridescent
                  | scales. (AC +2) [Jiyva's grace]
 14949 | Lair:4   | Lost mutation: You are almost entirely resistant to further
                  | mutation and mutation removal. [Jiyva's grace]
 14949 | Lair:4   | Lost mutation: Your muscles are very strong. (Str +8,
                  | Int/Dex -2) [Jiyva's grace]
 14949 | Lair:4   | Lost mutation: Your spells are much harder to cast, but
                  | much more powerful. [Jiyva's grace]
 14949 | Lair:4   | Lost mutation: You have acidic saliva. [Jiyva's grace]
 14949 | Lair:4   | Lost mutation: Your body has grown eyes which may confuse
                  | attackers. (Acc +3) [Jiyva's grace]
 14949 | Lair:4   | Gained mutation: Your system is resistant to poisons.
                  | (rPois) [Jiyva's grace]
 14949 | Lair:4   | Lost mutation: You have razor-sharp toenails. [Jiyva's
                  | grace]
 14949 | Lair:4   | Lost mutation: You have sharp toenails. [Jiyva's grace]
 14949 | Lair:4   | Gained mutation: You have large cloven feet. [Jiyva's
                  | grace]
 14949 | Lair:4   | Gained mutation: You have hoof-like feet. [Jiyva's grace]
 14949 | Lair:4   | Gained mutation: You have hooves in place of feet. [Jiyva's
                  | grace]
 14971 | Lair:4   | Reached skill level 19 in Axes
 15280 | Lair:4   | Found a blossoming altar of Fedhas.
 15551 | Lair:5   | Entered Level 5 of the Lair of Beasts
 15607 | Lair:5   | Reached XP level 15. HP: 122/138 MP: 2/14
 15869 | Lair:5   | Reached skill level 10 in Dodging
 15954 | Lair:5   | Found a burning altar of Makhleb.
 16020 | Lair:5   | Found a gateway to Hell.
 16027 | Lair:5   | Identified the +0 robe of Tender Moments {Int+2}
 16702 | Lair:5   | Lost mutation: You have hooves in place of feet. [Jiyva's
                  | grace]
 16702 | Lair:5   | Lost mutation: You passively map a small area around you.
                  | [Jiyva's grace]
 16702 | Lair:5   | Gained mutation: You have hooves in place of feet. [Jiyva's
                  | grace]
 16702 | Lair:5   | Lost mutation: You are somewhat resistant to both further
                  | mutation and mutation removal. [Jiyva's grace]
 16702 | Lair:5   | Lost mutation: You are somewhat resistant to further
                  | mutation. [Jiyva's grace]
 16702 | Lair:5   | Gained mutation: You have hidden genetic potential.
                  | [Jiyva's grace]
 16702 | Lair:5   | Gained mutation: You have great hidden genetic potential.
                  | [Jiyva's grace]
 16702 | Lair:5   | Gained mutation: Your muscles are very strong. (Str +8,
                  | Int/Dex -2) [Jiyva's grace]
 16851 | Vaults:5 | Identified the "Cunleorch"
 16851 | Vaults:5 | Identified the "Piutud"
 16851 | Elf:3    | Identified the "Ovothem"
 16851 | Elf:3    | Identified the "Iruph"
 16851 | Elf:3    | Identified the of Tavith
 16851 | Zot:1    | Identified the of Koudoz
 16851 | Zot:1    | Identified the "Siwuxt"
 16851 | Zot:3    | Identified the "Iwo Duex"
 16851 | Slime:1  | Entered Level 1 of the Pits of Slime
 16906 | Slime:1  | Noticed a rockslime
 16913 | Slime:1  | Noticed a rockslime
 17022 | Slime:2  | Noticed an acid blob
 17029 | Slime:2  | Noticed an azure jelly
 17067 | Slime:2  | Noticed an acid blob
 17127 | Slime:2  | Noticed an acid blob
 17209 | Slime:3  | Noticed an azure jelly
 17228 | Slime:3  | Noticed an acid blob
 17232 | Slime:3  | Noticed a rockslime
 17364 | Slime:4  | Noticed a rockslime
 17403 | Slime:4  | Noticed a rockslime
 17489 | Slime:4  | Noticed an acid blob
 17492 | Slime:4  | Noticed Dissolution
 17543 | Slime:4  | Noticed an acid blob
 17599 | Slime:5  | Identified the of Seeskyx
 17599 | Slime:5  | Entered Level 5 of the Pits of Slime
 17601 | Slime:5  | Noticed a rockslime
 17609 | Slime:5  | Noticed an acid blob
 17609 | Slime:5  | Noticed a rockslime
 17610 | Slime:5  | Noticed an acid blob
 17616 | Slime:5  | Noticed an azure jelly
 17624 | Slime:5  | Noticed an acid blob
 17636 | Slime:5  | Noticed a rockslime
 17654 | Slime:5  | Noticed an acid blob
 17660 | Slime:5  | Noticed an acid blob
 17674 | Slime:5  | Noticed an acid blob
 17723 | Slime:5  | Noticed a rockslime
 17727 | Slime:5  | Noticed an acid blob
 17739 | Slime:5  | Noticed an azure jelly
 17740 | Slime:5  | Noticed a rockslime
 17741 | Slime:5  | Found a viscous altar of Jiyva.
 17741 | Slime:5  | Noticed the Royal Jelly
 17744 | Slime:5  | Noticed an acid blob
 17754 | Slime:5  | Identified the +7 flail of Upilo {spect, rC+}
 17758 | Slime:5  | Found the +3 crown of Dyrovepreva {rElec Int+2 SInv}
 17759 | Slime:5  | Got a slimy rune of Zot
 17760 | Slime:5  | Identified the +1 pair of gloves "Astufes" {Regen+}
 17761 | Slime:5  | Identified the +3 scale mail of the Snake Pit {rCorr}
 17818 | Slime:5  | Noticed an acid blob
 17952 | Slime:5  | Acquired a manual of Shields
 18719 | D:14     | Found a gate to the Vaults.
 18727 | D:14     | Noticed Kirke
 18819 | D:14     | Reached skill level 20 in Axes
 18829 | D:14     | Killed Kirke
 19000 | D:14     | Reached skill level 15 in Shields
 19004 | D:14     | Reached skill level 15 in Fighting
 19115 | D:14     | Reached skill level 15 in Armour
 19466 | D:14     | Reached XP level 16. HP: 149/149 MP: 15/15
 19496 | D:15     | Entered Level 15 of the Dungeon
 19983 | D:15     | Found a staircase to the Depths.
 20349 | D:15     | Reached XP level 17. HP: 156/156 MP: 3/16
 20590 | D:15     | Lost mutation: You have hooves in place of feet. [Jiyva's
                  | grace]
 20590 | D:15     | Lost mutation: You have a small jelly attached to you that
                  | senses nearby items. [Jiyva's grace]
 20590 | D:15     | Gained mutation: Your flesh is heat resistant. (rF+)
                  | [Jiyva's grace]
 20590 | D:15     | Gained mutation: Your flesh is very heat resistant. (rF++)
                  | [Jiyva's grace]
 20590 | D:15     | Gained mutation: Your flesh is almost immune to the effects
                  | of heat. (rF+++) [Jiyva's grace]
 20590 | D:15     | Gained mutation: You passively dampen the noise of your
                  | surroundings. [Jiyva's grace]
 20988 | Spider:1 | Entered Level 1 of the Spider Nest
 20991 | Spider:1 | Reached skill level 21 in Axes
 21303 | Spider:1 | Identified the +7 rapier "Demonslayer" {vamp, *Noise rElec
                  | rCorr SInv}
 21474 | Spider:1 | Gained mutation: You expend magic power (3 MP) to
                  | strengthen your wands. [hidden potential]
 21588 | Spider:1 | Found a transporter.
 21588 | Spider:1 | Noticed Pascal76's ghost (journeyman GrGl)
 21604 | Spider:1 | Found a transporter.
 21977 | Spider:2 | You fall into a shaft and drop 1 floor!
 23540 | Spider:3 | Lost mutation: Your spells are harder to cast, but more
                  | powerful. [Jiyva's grace]
 23540 | Spider:3 | Gained mutation: Your rubbery body absorbs attacks. (AC +1,
                  | EV +1) [Jiyva's grace]
 23540 | Spider:3 | Gained mutation: Your pliable body absorbs attacks. (AC +2,
                  | EV +2) [Jiyva's grace]
 23540 | Spider:3 | Gained mutation: Your gelatinous body deflects attacks. (AC
                  | +3, EV +3) [Jiyva's grace]
 23540 | Spider:3 | Gained mutation: Your body has grown eyes which may confuse
                  | attackers. (Acc +3) [Jiyva's grace]
 23969 | Spider:4 | Entered Level 4 of the Spider Nest
 24015 | Spider:4 | Reached skill level 22 in Axes
 24352 | Spider:4 | Noticed Donald
 24372 | Spider:4 | Killed Donald
 24919 | Spider:4 | Reached XP level 18. HP: 168/168 MP: 3/17
 25034 | Spider:4 | Found a runed translucent door.
 25035 | Spider:4 | Found a shimmering altar of Xom.
 25035 | Spider:4 | Noticed Yduelo's ghost (journeyman GnHu)
 25262 | Spider:4 | Noticed Mlioglotl
 25278 | Spider:4 | Killed Mlioglotl
 25591 | Spider:4 | Identified the +1 hat of Lecylos {MP+9 Str+3 Dex+3}
 25600 | Spider:4 | Got a gossamer rune of Zot
 25737 | Spider:4 | Gained mutation: You have hooves in place of feet. [hidden
                  | potential]
 25737 | Spider:4 | Lost mutation: You have great hidden genetic potential.
                  | [hidden potential expressed]
 25987 | Elf:1    | Entered Level 1 of the Elven Halls
 26196 | Elf:1    | Acquired 810 gold pieces
 27155 | Elf:2    | Found Huir's Weapon Shoppe.
 27195 | Elf:2    | Lost mutation: You have hooves in place of feet. [Jiyva's
                  | grace]
 27195 | Elf:2    | Lost mutation: Your flesh is almost immune to the effects
                  | of heat. (rF+++) [Jiyva's grace]
 27195 | Elf:2    | Lost mutation: Your muscles are very strong. (Str +8,
                  | Int/Dex -2) [Jiyva's grace]
 27195 | Elf:2    | Lost mutation: Your spells are a little harder to cast, but
                  | a little more powerful. [Jiyva's grace]
 27195 | Elf:2    | Lost mutation: You have hidden genetic potential. [Jiyva's
                  | grace]
 27195 | Elf:2    | Lost mutation: You have a small jelly attached to you that
                  | may absorb projectiles. [Jiyva's grace]
 27195 | Elf:2    | Gained mutation: Armour fits poorly on your pseudopods.
                  | [Jiyva's grace]
 27195 | Elf:2    | Gained mutation: Armour fits poorly on your large
                  | pseudopods. [Jiyva's grace]
 27195 | Elf:2    | Gained mutation: Armour fits poorly on your massive
                  | pseudopods. [Jiyva's grace]
 27195 | Elf:2    | Gained mutation: Your flesh is almost immune to the effects
                  | of heat. (rF+++) [Jiyva's grace]
 27249 | Elf:2    | Reached skill level 23 in Axes
 27602 | Elf:2    | Noticed a Tzitzimitl
 27904 | Elf:2    | Found a runed translucent gate.
 27928 | Elf:2    | Found a runed translucent gate.
 27928 | Elf:2    | Found a runed translucent gate.
 28919 | Elf:3    | Entered Level 3 of the Elven Halls
 28940 | Elf:3    | Found Ziunumiz's Jewellery Emporium.
 29048 | Elf:3    | Bought a ring of flight for 192 gold pieces
 29256 | Shoals:1 | Entered Level 1 of the Shoals
 29292 | Shoals:1 | Reached XP level 19. HP: 177/177 MP: 2/18
 30182 | Shoals:1 | Found Hityhuomia's General Store.
 30467 | Shoals:2 | Lost mutation: You have hoof-like feet. [Jiyva's grace]
 30467 | Shoals:2 | Lost mutation: Your flesh is almost immune to the effects
                  | of heat. (rF+++) [Jiyva's grace]
 30467 | Shoals:2 | Lost mutation: Your system is resistant to poisons. (rPois)
                  | [Jiyva's grace]
 30467 | Shoals:2 | Lost mutation: Your muscles are strong. (Str +4, Int/Dex
                  | -1) [Jiyva's grace]
 30467 | Shoals:2 | Lost mutation: Your body has grown eyes which may confuse
                  | attackers. (Acc +3) [Jiyva's grace]
 30467 | Shoals:2 | Lost mutation: Your gelatinous body deflects attacks. (AC
                  | +3, EV +3) [Jiyva's grace]
 30467 | Shoals:2 | Lost mutation: Your pliable body absorbs attacks. (AC +2,
                  | EV +2) [Jiyva's grace]
 30467 | Shoals:2 | Lost mutation: Armour fits poorly on your massive
                  | pseudopods. [Jiyva's grace]
 30467 | Shoals:2 | Lost mutation: Armour fits poorly on your large pseudopods.
                  | [Jiyva's grace]
 30467 | Shoals:2 | Gained mutation: Your body has grown eyes which may confuse
                  | attackers. (Acc +3) [Jiyva's grace]
 30467 | Shoals:2 | Gained mutation: Your body has grown many eyes which may
                  | confuse attackers. (Acc +5) [Jiyva's grace]
 30467 | Shoals:2 | Gained mutation: Your body is covered in eyes which may
                  | confuse attackers. (Acc +7, SInv) [Jiyva's grace]
 30467 | Shoals:2 | Gained mutation: You are partially covered in iridescent
                  | scales. (AC +2) [Jiyva's grace]
 30495 | Shoals:2 | Reached skill level 24 in Axes
 30957 | Shoals:2 | Found Ifotastryuk's Overcharged Wands.
 32380 | Shoals:4 | Entered Level 4 of the Shoals
 32380 | Shoals:4 | Found a blossoming altar of Fedhas.
 32467 | Shoals:4 | Paralysed by an air elemental for 1 turns
 32585 | Shoals:4 | Identified the ring "Paguphy" {rF+ rC+ Will- MP+9 SInv}
 32590 | Shoals:4 | Paralysed by an air elemental for 1 turns
 32596 | Shoals:4 | Paralysed by an air elemental for 1 turns
 32634 | Shoals:4 | Lost mutation: You are partially covered in iridescent
                  | scales. (AC +2) [Jiyva's grace]
 32634 | Shoals:4 | Lost mutation: Your flesh is very heat resistant. (rF++)
                  | [Jiyva's grace]
 32634 | Shoals:4 | Lost mutation: Your flesh is heat resistant. (rF+) [Jiyva's
                  | grace]
 32634 | Shoals:4 | Lost mutation: Your body is covered in eyes which may
                  | confuse attackers. (Acc +7, SInv) [Jiyva's grace]
 32634 | Shoals:4 | Lost mutation: Your rubbery body absorbs attacks. (AC +1,
                  | EV +1) [Jiyva's grace]
 32634 | Shoals:4 | Gained mutation: You have a pair of large horns on your
                  | head. [Jiyva's grace]
 32634 | Shoals:4 | Lost mutation: You have large cloven feet. [Jiyva's grace]
 32634 | Shoals:4 | Gained mutation: You have sharp toenails. [Jiyva's grace]
 32634 | Shoals:4 | Gained mutation: You have razor-sharp toenails. [Jiyva's
                  | grace]
 32634 | Shoals:4 | Gained mutation: You have claws for feet. [Jiyva's grace]
 32715 | Shoals:4 | Paralysed by an air elemental for 1 turns
 32762 | Shoals:4 | Paralysed by an air elemental for 1 turns
 32975 | Shoals:4 | Paralysed by an air elemental for 1 turns
 33205 | Shoals:4 | Found a stormy altar of Qazlal.
 33230 | Shoals:4 | Paralysed by an air elemental for 1 turns
 33532 | Shoals:4 | Identified the +3 whip of Wino Kifuyn {drain, rC+ rN+
                  | Int+4}
 33534 | Shoals:4 | Got a barnacled rune of Zot
 33536 | Shoals:4 | Identified the staff of the Hall of Blades {rElec rN+++
                  | rCorr Str+2 Int-5 Air}
 33537 | Shoals:4 | Identified the staff of Embarrassment {rC+ Str+3 Int+3
                  | Dex+2 SInv Ice}
 33866 | D:13     | Killed Ecraohen's ghost
 34812 | Elf:3    | Reached XP level 20. HP: 189/189 MP: 1/19
 34815 | Elf:3    | Identified the amulet "Mullell" {Spirit +Blink}
 34817 | Elf:3    | Reached skill level 25 in Axes
 35328 | Elf:3    | Identified the staff "Begikhyg" {rElec rPois rN+ Dex-4
                  | Stlth+ Necro}
 35328 | Elf:3    | Identified the ring "Dibyilol" {rC+ rN+ rCorr MP+9}
 35480 | Elf:3    | Identified the +7 sling of Cumyig {heavy, +Blink rCorr
                  | Str-5 SInv}
 35484 | Elf:3    | Identified the +4 scale mail of Indecent Exposure {Harm rF+
                  | rCorr}
 35488 | Elf:3    | Identified the +5 ring mail of Xegol {Will+ Regen+ Stlth+}
 35490 | Elf:3    | Identified the +10 shortbow of Solaemn {flame, rC+ rN+}
 35498 | Elf:3    | Identified the +1 pair of gloves of Mynaihat {Int+5}
 35500 | Elf:3    | Identified the ring of Miunlos {Will+ Str+4 SInv}
 35795 | Vaults:1 | Entered Level 1 of the Vaults
 35802 | Vaults:1 | Reached skill level 15 in Dodging
 36140 | Vaults:1 | Lost mutation: You have claws for feet. [Jiyva's grace]
 36140 | Vaults:1 | Lost mutation: Armour fits poorly on your pseudopods.
                  | [Jiyva's grace]
 36140 | Vaults:1 | Lost mutation: You expend magic power (3 MP) to strengthen
                  | your wands. [Jiyva's grace]
 36140 | Vaults:1 | Gained mutation: Your rubbery body absorbs attacks. (AC +1,
                  | EV +1) [Jiyva's grace]
 36140 | Vaults:1 | Gained mutation: Your pliable body absorbs attacks. (AC +2,
                  | EV +2) [Jiyva's grace]
 36140 | Vaults:1 | Gained mutation: Your gelatinous body deflects attacks. (AC
                  | +3, EV +3) [Jiyva's grace]
 36140 | Vaults:1 | Gained mutation: You are covered in slimy tendrils that may
                  | disarm your opponents. [Jiyva's grace]
 37600 | Vaults:2 | Lost mutation: You have a pair of large horns on your head.
                  | [Jiyva's grace]
 37600 | Vaults:2 | Lost mutation: You have razor-sharp toenails. [Jiyva's
                  | grace]
 37600 | Vaults:2 | Lost mutation: You passively dampen the noise of your
                  | surroundings. [Jiyva's grace]
 37600 | Vaults:2 | Gained mutation: Your melee attacks may engulf your foes in
                  | ooze. [Jiyva's grace]
 37600 | Vaults:2 | Gained mutation: You possess an exceptional clarity of
                  | mind. [Jiyva's grace]
 37600 | Vaults:2 | Gained mutation: You have hidden genetic potential.
                  | [Jiyva's grace]
 37600 | Vaults:2 | Gained mutation: You have great hidden genetic potential.
                  | [Jiyva's grace]
 38579 | Vaults:3 | Reached skill level 26 in Axes
 38841 | Vaults:3 | Found Gecepleo's Antique Weapon Emporium.
 38881 | Vaults:3 | Identified the +4 rapier of Reibeat {flame, rPois Will+
                  | SInv}
 38930 | Vaults:3 | Found Ontitink's Book Emporium.
 39374 | Vaults:3 | Found Kugaenk's Magic Scroll Emporium.
 39377 | Vaults:3 | Bought a scroll of blinking for 135 gold pieces
 39377 | Vaults:3 | Bought a scroll of teleportation for 54 gold pieces
 39377 | Vaults:3 | Bought a scroll of teleportation for 54 gold pieces
 39450 | Vaults:3 | Reached XP level 21. HP: 199/199 MP: 9/20
 39741 | Vaults:3 | Found a staircase to the Crypt.
 39887 | Vaults:3 | Found Rymi's Distillery.
 39895 | Vaults:3 | Bought a potion of heal wounds for 95 gold pieces
 39895 | Vaults:3 | Bought a potion of heal wounds for 95 gold pieces
 39964 | Vaults:3 | Found Bilun's Assorted Antiques.
 39967 | Vaults:3 | Lost mutation: Your body has grown many eyes which may
                  | confuse attackers. (Acc +5) [Jiyva's grace]
 39967 | Vaults:3 | Lost mutation: Your body has grown eyes which may confuse
                  | attackers. (Acc +3) [Jiyva's grace]
 39967 | Vaults:3 | Lost mutation: Your gelatinous body deflects attacks. (AC
                  | +3, EV +3) [Jiyva's grace]
 39967 | Vaults:3 | Lost mutation: You are covered in slimy tendrils that may
                  | disarm your opponents. [Jiyva's grace]
 39967 | Vaults:3 | Gained mutation: Your mind is acute. (Int +4, Str/Dex -1)
                  | [Jiyva's grace]
 39967 | Vaults:3 | Gained mutation: Your mind is very acute. (Int +8, Str/Dex
                  | -2) [Jiyva's grace]
 39967 | Vaults:3 | Gained mutation: You have a pair of large horns on your
                  | head. [Jiyva's grace]
 39967 | Vaults:3 | Gained mutation: Armour fits poorly on your pseudopods.
                  | [Jiyva's grace]
 39970 | Vaults:3 | Bought a bone hand axe for 328 gold pieces
 39970 | Vaults:3 | Identified the +2 hand axe "Derexor" {pain, *Corrode rC+++
                  | Str-2 SInv} (You bought it in a shop on level 3 of the
                  | Vaults)
 40780 | Vaults:4 | Found Lunwips's Jewellery Boutique.
 40788 | Vaults:4 | Bought the amulet "Ciurchoj" {Reflect rC++ SH+5} for 981
                  | gold pieces
 40951 | Vaults:4 | Noticed Xtahua
 40955 | Vaults:4 | Killed Xtahua
 41168 | Vaults:5 | Entered Level 5 of the Vaults
 41453 | Spider:1 | Killed Pascal76's ghost
 41464 | Spider:1 | Identified the ring "Waxan" {Fly Will+ Stlth+}
 41619 | Spider:4 | Killed Yduelo's ghost
 41960 | Crypt:1  | Entered Level 1 of the Crypt
 42554 | Crypt:1  | Lost mutation: Your melee attacks may engulf your foes in
                  | ooze. [Jiyva's grace]
 42554 | Crypt:1  | Gained mutation: You are partially covered in iridescent
                  | scales. (AC +2) [Jiyva's grace]
 42554 | Crypt:1  | Gained mutation: You are mostly covered in iridescent
                  | scales. (AC +4) [Jiyva's grace]
 42554 | Crypt:1  | Gained mutation: You are completely covered in iridescent
                  | scales. (AC +6) [Jiyva's grace]
 42554 | Crypt:1  | Gained mutation: Your translucent skin slightly reduces
                  | your foes' accuracy. (Stealth+) [Jiyva's grace]
 43254 | Crypt:2  | Gained mutation: You have a somewhat thin skeletal
                  | structure. (Dex +2, Stealth+) [hidden potential]
 43290 | Crypt:2  | Reached skill level 27 in Axes
 43977 | Crypt:3  | Entered Level 3 of the Crypt
 44085 | Crypt:3  | Noticed Vv
 44101 | Crypt:3  | Killed Vv
 44102 | Crypt:3  | Reached XP level 22. HP: 92/211 MP: 2/21
 44548 | Crypt:3  | Noticed an ancient lich
 44917 | Crypt:3  | Identified the ring of Loahutsi {rN+ Str+3}
 44917 | Crypt:3  | Identified the ring of Worun {rN+ Will+ MP+9}
 44970 | Crypt:3  | Lost mutation: You have sharp toenails. [Jiyva's grace]
 44970 | Crypt:3  | Lost mutation: You are completely covered in iridescent
                  | scales. (AC +6) [Jiyva's grace]
 44970 | Crypt:3  | Lost mutation: You are mostly covered in iridescent scales.
                  | (AC +4) [Jiyva's grace]
 44970 | Crypt:3  | Lost mutation: Your pliable body absorbs attacks. (AC +2,
                  | EV +2) [Jiyva's grace]
 44970 | Crypt:3  | Lost mutation: Your translucent skin slightly reduces your
                  | foes' accuracy. (Stealth+) [Jiyva's grace]
 44970 | Crypt:3  | Gained mutation: You have large cloven feet. [Jiyva's
                  | grace]
 44970 | Crypt:3  | Gained mutation: You have hoof-like feet. [Jiyva's grace]
 44970 | Crypt:3  | Gained mutation: You have hooves in place of feet. [Jiyva's
                  | grace]
 44970 | Crypt:3  | Gained mutation: You passively map a small area around you.
                  | [Jiyva's grace]
 45194 | Crypt:3  | Killed an ancient lich
 45221 | Crypt:3  | Found a staircase to the Tomb.
 45252 | Crypt:3  | Found an ancient bone altar of Kikubaaqudgha.
 45269 | Crypt:3  | Identified the +5 battleaxe of Eternal War {vamp, rN+}
 45271 | Crypt:3  | Identified the staff of Death's Door {+Blink rC+ Ice}
 45905 | Vaults:5 | Noticed Jory
 46007 | Vaults:4 | Gained mutation: You are mostly covered in iridescent
                  | scales. (AC +4) [hidden potential]
 46007 | Vaults:4 | Lost mutation: You have great hidden genetic potential.
                  | [hidden potential expressed]
 46095 | Vaults:5 | Killed Jory
 46102 | Vaults:5 | Noticed an ancient lich
 46112 | Vaults:5 | Killed an ancient lich
 46225 | Vaults:5 | Noticed Frederick
 46230 | Vaults:5 | Killed Frederick
 46249 | Vaults:5 | Got a silver rune of Zot
 46370 | Vaults:5 | Noticed a dread lich
 46383 | Vaults:5 | Killed a dread lich
 46595 | Vaults:5 | Noticed an ancient lich
 46602 | Vaults:5 | Killed an ancient lich
 46798 | Vaults:5 | Identified the ring of Usmamaur {rC+ Will+ Str+3}
 46799 | Vaults:5 | Reached XP level 23. HP: 166/222 MP: 5/22
 46809 | Vaults:5 | Noticed Boris
 46825 | Vaults:5 | Killed Boris
 46949 | Vaults:5 | Noticed Sojobo
 46964 | Vaults:5 | Killed Sojobo
 47352 | Vaults:5 | Identified the amulet "Oxeh" {Acrobat Fragile Str+5}
 47525 | Vaults:5 | Identified the ring of Eshris {Ice rElec rPois Str+3 Dex-5}
 47633 | Vaults:5 | Identified the amulet "Witwafeu" {rC+ Regen+}
 47930 | Depths:1 | Entered Level 1 of the Depths
 48066 | Depths:1 | Noticed Aizul
 48070 | Depths:1 | Killed Aizul
 48128 | Depths:1 | You are sucked into a shaft and drop 1 floor!
 48129 | Depths:2 | Noticed a caustic shrike
 48136 | Depths:2 | Killed a caustic shrike
 48216 | Depths:2 | Found a one-way gate to the infinite horrors of the Abyss.
 48216 | Depths:2 | Found a one-way gate leading to the halls of Pandemonium.
 48344 | Depths:2 | Gained mutation: You expend magic power (3 MP) to
                  | strengthen your wands. [hidden potential]
 48398 | Depths:2 | Identified the amulet "Ade Inei" {Acrobat +Blink MP+9 Int-5
                  | SInv}
 48455 | Depths:2 | Lost mutation: You have hooves in place of feet. [Jiyva's
                  | grace]
 48455 | Depths:2 | Lost mutation: You have a pair of large horns on your head.
                  | [Jiyva's grace]
 48455 | Depths:2 | Lost mutation: You are mostly covered in iridescent scales.
                  | (AC +4) [Jiyva's grace]
 48455 | Depths:2 | Lost mutation: You are partially covered in iridescent
                  | scales. (AC +2) [Jiyva's grace]
 48455 | Depths:2 | Gained mutation: Armour fits poorly on your large
                  | pseudopods. [Jiyva's grace]
 48455 | Depths:2 | Gained mutation: Armour fits poorly on your massive
                  | pseudopods. [Jiyva's grace]
 48455 | Depths:2 | Gained mutation: You have hooves in place of feet. [Jiyva's
                  | grace]
 48455 | Depths:2 | Gained mutation: You have acidic saliva. [Jiyva's grace]
 48478 | Depths:2 | Identified the +1 bardiche of Joyful Slaughter {flame,
                  | Fragile Str+3 Int+3 Dex+3}
 48618 | Depths:2 | Identified the staff of the Enchanting Rat {rC+ Int+3 Ice}
 48723 | Depths:2 | Noticed Mara
 48725 | Depths:2 | Noticed BinkBink's illusion
 48746 | Depths:2 | Killed Mara
 48822 | Depths:2 | Noticed Boris
 48829 | Depths:2 | Killed Boris
 48895 | Depths:2 | Noticed an ancient lich
 48898 | Depths:2 | Killed an ancient lich
 49025 | Depths:2 | Identified the +5 hand axe of the Ass {drain, rPois Str+3}
 49269 | Depths:2 | Noticed a caustic shrike
 49276 | Depths:2 | Killed a caustic shrike
 49288 | Depths:2 | Paralysed by a Zot trap for 4 turns
 49654 | Depths:3 | Reached XP level 24. HP: 234/234 MP: 5/22
 50041 | Depths:3 | Found Lix Tuus's Assorted Antiques.
 50427 | Depths:4 | Entered Level 4 of the Depths
 50966 | Depths:4 | Noticed a juggernaut
 50995 | Depths:4 | Killed a juggernaut
 51018 | Depths:4 | Gained mutation: You have a pair of large horns on your
                  | head. [hidden potential]
 51018 | Depths:4 | Lost mutation: You have hidden genetic potential. [hidden
                  | potential expressed]
 51285 | Depths:4 | Lost mutation: You have hooves in place of feet. [Jiyva's
                  | grace]
 51285 | Depths:4 | Lost mutation: You have hoof-like feet. [Jiyva's grace]
 51285 | Depths:4 | Lost mutation: You have a somewhat thin skeletal structure.
                  | (Dex +2, Stealth+) [Jiyva's grace]
 51285 | Depths:4 | Lost mutation: You possess an exceptional clarity of mind.
                  | [Jiyva's grace]
 51285 | Depths:4 | Lost mutation: Your mind is very acute. (Int +8, Str/Dex
                  | -2) [Jiyva's grace]
 51285 | Depths:4 | Lost mutation: Armour fits poorly on your massive
                  | pseudopods. [Jiyva's grace]
 51285 | Depths:4 | Gained mutation: You possess an exceptional clarity of
                  | mind. [Jiyva's grace]
 51285 | Depths:4 | Gained mutation: Your pliable body absorbs attacks. (AC +2,
                  | EV +2) [Jiyva's grace]
 51285 | Depths:4 | Gained mutation: Your gelatinous body deflects attacks. (AC
                  | +3, EV +3) [Jiyva's grace]
 51285 | Depths:4 | Gained mutation: You passively map the area around you.
                  | [Jiyva's grace]
 51475 | Depths:4 | Found a gate to the Realm of Zot.
 51995 | Depths:4 | Found a runed translucent gate.
 52002 | Depths:4 | Found a runed translucent gate.
 52002 | Depths:4 | Found a runed translucent gate.
 52003 | Depths:4 | Found the +2 Maxwell's thermic engine {flame, freeze, rev}
 52004 | Depths:4 | Found a runed translucent gate.
 52004 | Depths:4 | Found a runed translucent gate.
 52004 | Depths:4 | Found a runed translucent gate.
 52200 | Depths:4 | Identified the +1 leather armour of Mirth {Fly}
 52674 | Depths:1 | Reached XP level 25. HP: 242/245 MP: 3/22
 52767 | Depths:1 | Found a one-way gateway to a ziggurat.
 52781 | Depths:1 | Found Biotumom's Weapon Shoppe.
 53062 | Depths:1 | Found an ornate altar of the Wu Jian Council.
 53495 | Tomb:1   | Entered Level 1 of the Tomb of the Ancients
 54423 | Tomb:1   | Lost mutation: You have a pair of large horns on your head.
                  | [Jiyva's grace]
 54423 | Tomb:1   | Lost mutation: You possess an exceptional clarity of mind.
                  | [Jiyva's grace]
 54423 | Tomb:1   | Lost mutation: Your gelatinous body deflects attacks. (AC
                  | +3, EV +3) [Jiyva's grace]
 54423 | Tomb:1   | Lost mutation: Your pliable body absorbs attacks. (AC +2,
                  | EV +2) [Jiyva's grace]
 54423 | Tomb:1   | Gained mutation: You are somewhat resistant to further
                  | mutation. [Jiyva's grace]
 54423 | Tomb:1   | Gained mutation: You are somewhat resistant to both further
                  | mutation and mutation removal. [Jiyva's grace]
 54423 | Tomb:1   | Gained mutation: You are almost entirely resistant to
                  | further mutation and mutation removal. [Jiyva's grace]
 54423 | Tomb:1   | Gained mutation: You have a pair of large horns on your
                  | head. [Jiyva's grace]
 54748 | Tomb:1   | Noticed a royal mummy
 54763 | Tomb:1   | Killed a royal mummy
 55224 | Tomb:2   | Noticed a royal mummy
 55225 | Tomb:2   | Noticed a royal mummy
 55225 | Tomb:2   | Noticed a royal mummy
 55228 | Tomb:2   | Killed a royal mummy
 55232 | Tomb:2   | Noticed a royal mummy
 55384 | Tomb:2   | HP: 7/248 [disintegration (22)]
 55385 | Tomb:2   | HP: 2/248 [death scarab (17)]
 55385 | Tomb:2   | Blown up by a lich

Illustrated notes

Levels and vault maps discovered:
D:1:      lemuel_arrival_lava_pool, layout_loops_corners,
          shapermc_ecumenical_altar_flowoftime
D:2:      layout_rooms, serial_shops, nicolae_shop_rolling_square
D:3:      layout_loops_cross, mainiacjoe_overflow_surrounded_room
D:4:      layout_loops_cross
D:5:      layout_cave_pods, minmay_temple_entry_arrows
D:6:      layout_cave_pools, nicolae_ru_awakened_eye
D:7:      layout_loops_ring, minitemple, item_on_display_b, uniq_prince_ribbit1,
          uniq_jeremiah
D:8:      gammafunk_jiyva_shrine, layout_basic, st_stairs_9
D:9:      layout_roguey, special_room [special_room_orc]
D:10:     layout_roguey, serial_co_window_serial, co_window_paths_a,
          co_window_paths_a, co_window_paths_a, co_window_paths_a,
          co_window_paths_a, co_window_broadway_a, co_window_broadway_a,
          co_window_cross_3, co_window_paths_d, co_window_paths_e,
          glass_columns_a, grunt_tough_drop
D:11:     layout_roguey, dpeg_lair_monsters, portal_ice_cave_demonic_guard,
          trog_hazing_becter, uniq_grum, uniq_psyche
D:12:     layout_rooms, orc_0_dummy, hex_tiny, uniq_jorgrun
D:13:     layout_basic, serial_co_window_serial, co_window_corner_a,
          co_window_of_opportunity_a, co_window_paths_a, co_window_paths_a,
          co_window_paths_a, co_window_2corner, co_window_broadway_a,
          co_window_corner_ca, co_window_broadway_a, co_window_4corner_b,
          glass_columns_c, glass_columns_a, glass_columns_a, glass_columns_b,
          glass_columns_a, gammafunk_ghost_grave, okawaru_gym_becter
D:14:     layout_cave_pools, david_vaults_3, minmay_misc_feat_doors,
          kennysheep_cluttered_room, bh_hangedman_babel_library, uniq_kirke
D:15:     gammafunk_enter_depths_forms, layout_grid_maze,
          chequers_serial_rivers_small_a
Lair:1:   layout_cellular_growth
Lair:2:   layout_regular_city, spider_nest_entry_webs, lemuel_fruit_fields,
          uniq_sonja, uniq_erica
Lair:3:   layout_regular_city, nicolae_shoals_entry_roost, beast_lair_carwin_4,
          grunt_megastairs_3
Lair:4:   nzn_motion_control, layout_cave_pods, minmay_slime_entry_pillars,
          basic_altar, grunt_megastairs_2, infiniplex_staircase_pool, uniq_snorg
Lair:5:   evil_forest, layout_cave_pods, infiniplex_staircase_pool_2
Shoals:1: layout_shoals, serial_shops, shop, nicolae_shoals_circle_sea_wall
Shoals:2: cheibrodos_shoals_gigantism, layout_shoals,
          nicolae_shop_overcharged_wands
Shoals:3: layout_shoals, nicolae_tricolors
Shoals:4: shoals_end_hellmonk_storm_palace [storm_palace_center_square,
          storm_palace_corner_narrow, storm_palace_corner_blocked,
          storm_palace_corner_altar, storm_palace_corner_altar]
Spider:1: layout_spider_delve, gammafunk_ghost_arena, nicolae_spider_shape
Spider:2: layout_spider_delve
Spider:3: layout_spider_delve
Spider:4: spider_rune_water, ebering_ghost_xom, uniq_mlioglotl, uniq_donald
Slime:1:  layout_caves
Slime:2:  layout_caves
Slime:3:  layout_caves
Slime:4:  cheibrodos_slime_lost_civilization_8, layout_caves, uniq_dissolution
Slime:5:  slime_pit_nicolae_royal_road_to_ruin
Orc:1:    layout_caves
Orc:2:    grunt_orc_community_town_hall, layout_diamond_mine,
          grunt_orc_community_big_house_1, grunt_orc_community_big_house_1,
          grunt_orc_community_house_3, grunt_orc_community_house_2,
          grunt_orc_community_house_3, grunt_orc_community_house_3,
          grunt_orc_community_house_2, basic_altar, serial_shops,
          nicolae_shop_window_shopping
Elf:1:    layout_loops_corners, evilmike_minifort, moated_statue,
          hangedman_elf_targeted_burst, moated_statue
Elf:2:    nicolae_elf_blades_crystal_corner, layout_geoelf_diagonals,
          serial_shops, shop, grunt_megastairs_5
Elf:3:    elf_hall, layout_geoelf_octagon, serial_shops,
          nicolae_shop_gibbet_a_chance
Vaults:1: nicolae_vaults_cornered_office, nicolae_vaults_turnstiles,
          vaults_standard_mumra_lines, vaults_room_ringed_pool,
          nicolae_vaults_sesquioval_fish, dpeg_vaults_waves,
          nicolae_vaults_mini_display_case, layout_vaults_quadrants
Vaults:2: vaults_mumra_minichess, ontoclasm_vaults_eye, v_misc_9,
          nicolae_vaults_closet_pinwheel_2, nicolae_vaults_stepped_doors,
          nicolae_vaults_network_s, vaults_mumra_chevron,
          nicolae_vaults_little_squares_3, layout_vaults_omnicross
Vaults:3: vaults_room_boxed, nicolae_vaults_crenellated_ambush, v_pattern_2,
          minmay_crypt_entry_vampire_xt, nicolae_vaults_little_squares_1,
          nicolae_vaults_network_periphery, nicolae_vaults_diagonal_hallway_8,
          ontoclasm_vaults_fault, hangedman_vaults_stretched_pinwheel,
          nicolae_vaults_surprise_closet, layout_vaults_chaotic_city,
          serial_shops, shop, nicolae_book_shop_shelving, shop, shop,
          nicolae_shop_rolled_up
Vaults:4: nicolae_vaults_offset_grid_hallway_2, nicolae_vaults_little_squares_1,
          nicolae_vaults_diamond_2, nicolae_vaults_little_squares_2,
          serial_ice_b, v_misc_15, vaults_mumra_minichess_inversion,
          nicolae_vaults_little_guard_posts, v_misc_25, grunt_vaults_twisty,
          grunt_vaults_swirl, vaults_dpeg_hooks, layout_vaults_omnibox,
          serial_shops, shop, uniq_xtahua
Vaults:5: uniq_jory, uniq_sojobo, uniq_frederick, uniq_boris
Crypt:1:  layout_regular_city, hellmonk_scarab_ruin
Crypt:2:  layout_rooms, nicolae_fountain_basement
Crypt:3:  cryptofortress_bobbens, uniq_vv
Tomb:1
Tomb:2
Depths:1: layout_small_grid, enter_ziggurat_b, hangedman_tar_grid_catacomb,
          serial_shops, nicolae_shop_bloodbath_and_beyond, abyss_entry,
          nicolae_wu_jian_glorious_leap, uniq_aizul
Depths:2: hangedman_pleasuredromes, pan_entry, abyss_entry, hell_entry,
          uniq_mara
Depths:3: kennysheep_bubbly, layout_cave_pools, kennysheep_donut,
          abyss_entry_small_statue_room, hangedman_coc_ice_floe, serial_shops,
          shop
Depths:4: lemuel_castle_with_subvaults [lemuel_castle_interior_original],
          layout_gridville, hellmouth_3, brannock_guarded_unrand_thermic_engine

Skill      XL: |  1  2  3  4  5  6  7  8  9 10 11 12 13 14 15 16 17 18 19 20 21 22 23 24 25 |
---------------+----------------------------------------------------------------------------+-----
Axes           | 3 4 5 6 7 9 11 12 14 16 17 19 20 22 23 24 26 27 | 27.0
Fighting       | 4 5 6 7 8 9 10 12 13 14 15 16 17 18 19 20 21 22 24 | 24.8
Armour         | 4 5 6 7 8 9 10 12 13 14 15 16 17 18 19 20 21 22 24 | 24.8
Shields        | 4 5 6 7 8 9 10 11 12 14 15 17 19 21 22 23 24 26 | 26.6
Dodging        | 2 4 6 8 9 11 12 13 14 15 16 18 19 20 21 | 21.4

Action                     |  1- 3 |  4- 6 |  7- 9 | 10-12 | 13-15 | 16-18 | 19-21 | 22-24 | 25-27 || total
---------------------------+-------+-------+-------+-------+-------+-------+-------+-------+-------++-------
  Melee: War axe           |    65 |    85 |   216 |   368 |   215 |       |       |       |       ||   949
         Headbutt          |     8 |    18 |    38 |    92 |   110 |   111 |   231 |   266 |    44 ||   918
         Kick              |       |       |       |    17 |   189 |   165 |   362 |   431 |    69 ||  1233
         Bite              |       |       |       |     6 |    44 |       |       |    68 |    28 ||   146
         Broad axe         |       |       |       |       |   444 |   628 |   993 |  1050 |   194 ||  3309
         Pseudopods        |       |       |       |       |       |    16 |   175 |   241 |    48 ||   480
    Use: Scroll            |       |       |       |     8 |    16 |     8 |     6 |     3 |     8 ||    49
         Potion            |       |       |       |       |     4 |     3 |     4 |     2 |     6 ||    19
   Stab: Confused          |       |     1 |     7 |     3 |     7 |     4 |    11 |       |       ||    33
         Distracted        |       |       |       |     2 |       |       |       |     1 |       ||     3
         Petrified         |       |       |       |       |     2 |       |       |       |       ||     2
 Armour: Scale mail        |    51 |    38 |   143 |    33 |       |       |       |       |       ||   265
         Troll leather arm |       |       |       |   170 |    84 |       |       |       |       ||   254
         Plate armour      |       |       |       |       |   328 |   368 |   480 |   441 |    98 ||  1715
         Skin              |       |       |       |       |     5 |       |       |       |       ||     5
  Dodge: Dodged            |    34 |    16 |    85 |   141 |   256 |   261 |   303 |   302 |   105 ||  1503
  Block: Buckler           |    13 |    54 |   137 |   200 |   215 |    81 |       |       |       ||   700
         Kite shield       |       |       |       |       |       |   176 |   706 |   143 |       ||  1025
         Reflection        |       |       |       |       |       |    25 |    80 |    50 |     2 ||   157
         Tower shield      |       |       |       |       |       |       |       |   908 |   268 ||  1176

Table legend: (Time is in decaauts)
 A = Elapsed time spent in this place.
 B = Non-inter-level travel time spent in this place.
 C = Inter-level travel time spent in this place.
 D = Time resting spent in this place.
 E = Time spent auto-exploring this place.
 F = Levels seen in this place.
 G = Mean time per level.
                   A        B        C        D        E       F      G
               +--------+--------+--------+--------+--------+-----+--------+
         Total |  54520 |  49305 |   5215 |   2716 |  37097 |  53 | 1028.7 |
       Dungeon |  11570 |  10242 |   1328 |    125 |   8245 |  15 |  771.3 |
          Lair |   5982 |   5131 |    851 |     72 |   4364 |   5 | 1196.4 |
        Shoals |   4311 |   4159 |    152 |      0 |   3412 |   4 | 1077.8 |
   Spider Nest |   5305 |   4852 |    453 |    182 |   3713 |   4 | 1326.2 |
    Slime Pits |   1235 |   1008 |    227 |      0 |    973 |   5 |  247.0 |
  Orcish Mines |   2361 |   2219 |    142 |    764 |    993 |   2 | 1180.5 |
   Elven Halls |   4540 |   4131 |    409 |    673 |   2764 |   3 | 1513.3 |
        Vaults |   7915 |   7026 |    889 |     25 |   5914 |   5 | 1583.0 |
         Crypt |   3971 |   3450 |    521 |    219 |   2314 |   3 | 1323.7 |
          Tomb |   1431 |   1382 |     49 |    254 |    485 |   2 |  715.5 |
        Depths |   5109 |   4919 |    190 |    338 |   3468 |   4 | 1277.2 |
      Ice Cave |    786 |    786 |      0 |     63 |    449 |   1 |  786.0 |
               +--------+--------+--------+--------+--------+-----+--------+

Top non-repeatable levels by time:
Depths:4: 2099 daAuts
Vaults:3: 1971 daAuts
Spider:4: 1953 daAuts
 Crypt:3: 1950 daAuts
   Elf:2: 1917 daAuts
Vaults:5: 1569 daAuts
Vaults:1: 1524 daAuts
Vaults:2: 1506 daAuts
Depths:2: 1457 daAuts
   Elf:3: 1365 daAuts
Vaults:4: 1343 daAuts
Spider:2: 1316 daAuts
   Orc:2: 1312 daAuts
  Lair:1: 1310 daAuts
    D:15: 1308 daAuts
